 Dungeon Crawl Stone Soup version 0.31.0-11-ge490571c62 (webtiles) character file.

Game seed: 7427266540127985965

10 PieDemon the Charlatan (level 2, 21/21 HPs)
             Began as a Formicid Artificer on Feb 4, 2024.
             Was an Initiate of Ru.
             Quit the game on level 1 of the Dungeon.
             The game lasted 00:03:41 (248 turns).

PieDemon the Charlatan (Formicid Artificer)          Turns: 248, Time: 00:03:42

Health: 21/21      AC:  5    Str: 16    XL:     2   Next: 30%
Magic:  2/2        EV: 10    Int: 10    God:    Ru [......]
Gold:   6          SH:  0    Dex: 14    Spells: 1/1 levels left

rFire   . . .        a - +0 club
rCold   . . .        (no shield)
rNeg    . . .        g - +0 ring mail
rPois   .            (helmet unavailable)
rElec   .            (no cloak)
rCorr   .            (no gloves)
SInv    +            (no boots)
Will    .....        (no amulet)
Stlth   +            (no ring)
HPRegen 0.23/turn    (no ring)
MPRegen 0.08/turn

%: no passive effects
@: no status effects
A: permanent stasis, dig shafts and tunnels, antennae 3, four strong arms
a: Dig, Shaft Self, Renounce Religion


You were on level 1 of the Dungeon.
You worshipped Ru.
Ru was noncommittal.
You visited 1 branch of the dungeon, and saw 1 of its levels.

You collected 6 gold pieces.

Inventory:

Hand Weapons
 a - a +0 club (weapon)
 f - a +0 dagger
Missiles
 h - 2 poisoned darts
Armour
 b - a +0 leather armour
 g - a +0 ring mail (worn)
Wands
 c - a wand of flame (13)
 d - a wand of charming (15)
 e - a wand of iceblast (5)
Scrolls
 i - a scroll of identify {unknown}


   Skills:
 - Level 1.1 Fighting
 * Level 0.4 Maces & Flails
 - Level 2.1 Armour
 - Level 1.0 Dodging
 + Level 2.1 Stealth
 + Level 3.5 Evocations


You had one spell level left.
You didn't know any spells.
Your spell library was empty.

Dungeon Overview and Level Annotations

Branches:
Dungeon (1/15)

Altars:
Ru


Innate Abilities, Weirdness & Mutations

You cannot be hasted, slowed, berserked, paralysed or teleported.
You can dig through walls and to a lower floor.
You have a pair of large antennae on your head. (SInv)
Your four strong arms can wield two-handed weapons with a shield.


Message History

The hobgoblin hits you.
You hit the hobgoblin.
You kill the hobgoblin!
Your Stealth skill increases to level 2!
No target in view!
HP restored.
Found a stone staircase leading down.
Found a faded altar of an unknown god.
A hobgoblin comes into view.
An endoplasm comes into view.
The hobgoblin shouts!
Throw: 2 darts (poison)
Press: ? - help, Shift-Dir - straight line, f - hobgoblin
Aim: a hobgoblin (54% to hit)
You throw a poisoned dart.
The poisoned dart closely misses the hobgoblin.
You barely miss the hobgoblin. The hobgoblin closely misses you.
The endoplasm quivers.
You hit the hobgoblin.
The hobgoblin is heavily wounded.
The hobgoblin barely misses you.
You hit the hobgoblin.
The hobgoblin is severely wounded.
The hobgoblin hits you but does no damage.
The hobgoblin hits you. The endoplasm closely misses you.
Okay, then.
You hit the hobgoblin.
You kill the hobgoblin!
The endoplasm hits you but does no damage.
You hit the endoplasm.
The endoplasm is heavily wounded.
The endoplasm closely misses you.
You hit the endoplasm.
You kill the endoplasm!
h - 2 poisoned darts (gained 1)
There is a faded altar of an unknown god here.
This altar belongs to (a) Ru, (b) Trog or (c) Elyvilon, but you can't tell which.
Press the corresponding letter to learn more about a god, or press enter to convert or escape to cancel.
Ru accepts your prayer! Ru welcomes you!
Are you sure you want to abandon this character and quit the game? (Confirm with "yes".)

......#.#
........######
........#....#
........#....#
.####.#......# .
#........#
#........###########
#........#..........
#...........@.....#
#........#......#.#
##.....$#######.#
#....... # ##+####.#
$# .#


There were no monsters in sight!

Vanquished Creatures
  2 bats (D:1)
  2 endoplasms (D:1)
  A goblin (D:1)
  2 hobgoblins (D:1)
  A ball python (D:1)
  A frilled lizard (D:1)
9 creatures vanquished.

Notes
Turn   | Place    | Note
-------+----------+-------------------------------------------
     0 | D:1      | PieDemon the Formicid Artificer began the quest for the
                  | Orb.
     0 | D:1      | Reached XP level 1. HP: 15/15 MP: 1/1
    74 | D:1      | Reached skill level 1 in Dodging
   147 | D:1      | Reached XP level 2. HP: 21/21 MP: 2/2
   222 | D:1      | Found a faded altar of an unknown god.
   247 | D:1      | Prayed at the altar of an unknown god.
   247 | D:1      | Became a worshipper of Ru the Awakened
   248 | D:1      | Quit the game

Illustrated notes

Levels and vault maps discovered:
D:1:      tarquinn_simple_flora_water_a, layout_basic, serial_shops, shop,
          basic_ecumenical_altar

Skill      XL: |  1  2 |
---------------+-------+-----
Dodging        | 1 |  1.0
Stealth        | 2 |  2.1
Fighting       | |  1.1
Maces & Flails | |  0.4
Armour         | |  2.1
Evocations     | |  3.5

Action                     || total
---------------------------++-------
  Melee: Club              ||    33
  Throw: Dart              ||     3
  Evoke: Wand              ||     2
 Armour: Ring mail         ||    13
         Leather armour    ||     6
  Dodge: Dodged            ||    26
